 Dungeon Crawl Stone Soup version 0.30-a0-305-g026cb31310 (webtiles) character file.

Game seed: 14817507918906419199

327158 scionoferis the Gelid (level 21, -18/122 HPs)
             Began as a Gargoyle Cinder Acolyte on Oct 19, 2022.
             Was a High Priest of Ignis.
             Killed from afar by a crystal guardian (32 damage)
             ... with a crystal bolt
             ... led by a peacekeeper
             ... on level 2 of the Vaults on Oct 21, 2022.
             The game lasted 05:35:25 (71480 turns).

scionoferis the Gelid (Gargoyle Cinder Acolyte)    Turns: 71480, Time: 05:35:27

Health: -18/122    AC: 39    Str: 20    XL:     21   Next: 66%
Magic:  19/40      EV: 18    Int: 26    God:    Ignis [*****.]
Gold:   1905       SH: 10    Dex:  9    Spells: 2/50 levels left

rFire   + . .      SeeInvis +    d - +3 eveningstar (drain)
rCold   . . .      Faith    .    X - +1 buckler {AC+3}
rNeg    + . .      Spirit   .    P - +5 robe of Night {Dark Will+ SInv}
rPois   ∞          Reflect  +    k - +5 hat of Impermeability {+Inv rElec}
rElec   +          Harm     .    o - +2 cloak {Will+}
rCorr   .          Rampage  .    J - +2 pair of gloves
Will    +++..                    S - +0 pair of boots
Stlth   ++........               C - amulet of reflection
HPRegen 0.40/turn                f - +6 ring of intelligence
MPRegen 0.27/turn                Q - +4 ring of evasion

@: flying, studying 2 skills
A: sickness immunity, AC +16, big wings, negative energy resistance 1,
electricity resistance, torment resistance 1, petrification resistance
}: 2/15 runes: decaying, serpentine
a: Renounce Religion, Evoke Invisibility, Fiery Armour, Foxfire Swarm


You were on level 2 of the Vaults.
You worshipped Ignis.
Ignis was extremely pleased with you.
You visited 7 branches of the dungeon, and saw 35 of its levels.
You visited 1 bazaar.
You also visited: Sewer, Ice Cave and Volcano.

You collected 6098 gold pieces.
You spent 4193 gold pieces at shops.

Inventory:

Hand Weapons
 a - a +4 demon whip of electrocution
 d - a +3 eveningstar of draining (weapon)
 h - a +3 flail of holy wrath
 R - a +0 vampiric demon whip
Missiles
 i - 28 boomerangs (quivered)
 D - 4 throwing nets
 U - 9 javelins
Armour
 k - the +5 hat of Impermeability (worn) {+Inv rElec}
   (You found it on level 3 of the Elven Halls)

   rElec:     It insulates you from electricity.
   +Inv:      It lets you turn invisible.
 o - a +2 cloak of willpower (worn)
 J - a +2 pair of gloves (worn)
 P - the +5 robe of Night (worn) {Dark Will+ SInv}
   (You found it on level 7 of the Dungeon)

   It shrouds the wearer in darkness, reducing the range at which they can see
   and be seen by others.
   SInv:      It lets you see invisible.
   Will:      It increases your willpower.
 S - a +0 pair of boots (worn)
 X - a +1 buckler of protection (worn)
Magical Staves
 b - a staff of cold
 Y - a staff of earth
Jewellery
 f - a +6 ring of intelligence (left hand)
 m - a +4 ring of slaying
 x - a ring of positive energy
 C - an amulet of reflection (around neck)
 L - a ring of resist corrosion
 N - a ring of protection from fire
 Q - a +4 ring of evasion (right hand)
Wands
 l - a wand of iceblast (9)
 p - a wand of charming (15)
 v - a wand of mindburst (28)
 z - a wand of quicksilver (31)
 T - a wand of digging (3)
Scrolls
 c - 2 scrolls of summoning
 e - 2 scrolls of magic mapping
 q - 10 scrolls of fear
 r - 13 scrolls of teleportation
 s - 11 scrolls of fog
 E - 11 scrolls of blinking
 V - 7 scrolls of poison
Potions
 g - 5 potions of brilliance
 j - 21 potions of curing
 n - 12 potions of heal wounds
 t - 8 potions of might
 u - 12 potions of magic
 w - a potion of invisibility
 F - 5 potions of haste
 I - 4 potions of resistance
 O - 7 potions of cancellation
Miscellaneous
 y - a box of beasts
 A - a phantom mirror
 G - a phial of floods
 K - a lightning rod (4/4)
 W - a condenser vane


   Skills:
 - Level 10.0 Fighting
 + Level 14.3(14.6) Maces & Flails
 - Level 4.5(10.4) Staves
 - Level 5.0 Armour
 + Level 9.1 Dodging
 + Level 4.7 Stealth
 - Level 5.0 Shields
 + Level 15.2 Spellcasting
 + Level 10.3 Conjurations
 * Level 0.4 Summonings
 - Level 10.0 Necromancy
 - Level 3.0 Fire Magic
 - Level 19.0 Ice Magic
 - Level 3.0 Air Magic
 + Level 14.2 Earth Magic
 + Level 12.9 Evocations


You had 2 spell levels left.
You knew the following spells:

 Your Spells              Type           Power      Damage    Failure   Level
a - Scorch                Fire           70%        2d9       1%          2
b - Ozocubu's Armour      Ice            87%        N/A       0%          3
c - Ozocubu's Refrigerat  Ice            43%        4d17      1%          7
d - Freezing Cloud        Conj/Ice/Air   33%        6-21      1%          5
e - Borgnjor's Vile Clut  Necr/Erth      35%        N/A       1%          5
f - Hailstorm             Conj/Ice       77%        3d16      1%          3
g - Simulacrum            Ice/Necr       38%        N/A       1%          6
h - Iron Shot             Conj/Erth      35%        9d7       3%          6
i - Dispel Undead         Necr           64%        3d22      1%          4
j - Spellforged Servitor  Conj/Summ      24%        N/A       97%         7

Your spell library contained the following spells:

 Spells                   Type           Power      Damage    Failure   Level
 Kiss of Death            Conj/Necr      100%       2d13      1%          1
 Ensorcelled Hibernation  Hex/Ice        100%       N/A       1%          2
 Passwall                 Tmut/Erth      45%        N/A       1%          2
 Static Discharge         Conj/Air       100%       2-7/arc   1%          2
 Summon Small Mammal      Summ           88%        N/A       2%          1
 Poisonous Vapours        Pois/Air       54%        N/A       2%          2
 Beastly Appendage        Tmut           38%        N/A       3%          1
 Wereblood                Tmut           19%        N/A       5%          2
 Dazzling Flash           Conj/Hex       92%        N/A       1%          3
 Mephitic Cloud           Conj/Pois/Air  43%        N/A       1%          3
 Animate Dead             Necr           64%        N/A       1%          4
 Ice Form                 Ice/Tmut       62%        N/A       1%          4
 Leda's Liquefaction      Hex/Erth       27%        N/A       1%          4
 Iskenderun's Battlesphe  Conj           65%        2d11      1%          5
 Swiftness                Air            35%        N/A       3%          3
 Kindle Blastsparks       Fire/Tloc/Air  60%        2d15      4%          3
 Iskenderun's Mystic Bla  Conj/Tloc      46%        2d10      4%          4
 Vhi's Electric Charge    Tloc/Air       54%        N/A       5%          3
 Arcjolt                  Conj/Air       26%        1d36      6%          5
 Fireball                 Conj/Fire      26%        3d12      6%          5
 Lightning Bolt           Conj/Air       26%        1d42      6%          5
 Ignite Poison            Fire/Tmut/Pois 25%        N/A       7%          3
 Call Canine Familiar     Summ           22%        N/A       9%          3
 Death Channel            Necr           32%        N/A       9%          6
 Summon Guardian Golem    Hex/Summ       21%        N/A       10%         3
 Confusing Touch          Hex            19%        N/A       11%         3
 Spider Form              Tmut/Pois      19%        N/A       11%         3
 Irradiate                Conj/Tmut      23%        3d19      11%         5
 Conjure Ball Lightning   Conj/Air       26%        3x3d7     32%         6
 Starburst                Conj/Fire      26%        6d8       32%         6
 Cause Fear               Hex            9%         N/A       34%         4
 Passage of Golubria      Tloc           19%        N/A       34%         4
 Orb of Destruction       Conj           32%        9d10      38%         7
 Silence                  Hex/Air        13%        N/A       45%         5
 Blade Hands              Tmut           9%         N/A       67%         5
 Yara's Violent Unravell  Hex/Tmut       9%         3d6       67%         5
 Lehudib's Crystal Spear  Conj/Erth      35%        10d9      82%         8
 Haunt                    Necr/Summ      23%        N/A       98%         7
 Dragon Form              Tmut           9%         N/A       100%        7
 Enfeeble                 Hex            9%         N/A       100%        7
 Summon Hydra             Summ           11%        N/A       100%        7
 Discord                  Hex            9%         N/A       100%        8
 Chain Lightning          Conj/Air       26%        3d35      100%        9
 Dragon's Call            Summ           11%        N/A       100%        9
 Fire Storm               Conj/Fire      26%        8d7       100%        9
 Shatter                  Erth           38%        3d30*     100%        9
 Cigotuvi's Dreadful Rot  Necr/Pois/Air  Unusable   N/A       N/A         2

Dungeon Overview and Level Annotations

Branches:
Dungeon (15/15)            Temple (0/1) D:6            Lair (5/5) D:10
  Swamp (4/4) Lair:2        Snake (4/4) Lair:3        Slime (0/5) Lair:4
    Orc (2/2) D:10            Elf (3/3) Orc:2        Vaults (2/5) D:14
  Crypt (0/3) Vaults:2     Depths (0/4) D:15          Sewer (visited)
  IceCv (visited)         Volcano (visited)

Altars:
Ashenzari
Cheibriados
Dithmenos
Gozag
Kikubaaqudgha
Nemelex Xobeh
Okawaru
Sif Muna
Trog
Uskayaw
Vehumet
Xom
Jiyva

Shops:
D:4 =   D:6 :   D:12 (   D:15 ?   Orc:2 (!:[   Elf:3 *   Snake:2 :*(!
Snake:4 *   Vaults:1 !   Vaults:2 [


Innate Abilities, Weirdness & Mutations

You are immune to sickness and miasma.
Your stone body is resilient. (AC +16)
You are immune to poison.
Your large and strong wings let you fly.
You resist negative energy. (rN+)
You are resistant to electric shocks. (rElec)
You are resistant to unholy torment.
You are immune to petrification.


Message History

Press: ? - help, Shift-Dir - straight line, f - crystal guardian
Aim: a crystal guardian (strong, 100% to hit)
Zombie hands grab the crystal guardian.
The zombie hands constrict the crystal guardian!
The crystal guardian fires a crystalline bolt at you.
The crystal bolt misses you. The crystal bolt burns you. You resist.
The crystal bolt burns the crystal guardian.
The crystal guardian completely resists.
The crystal guardian closely misses you.
Casting: Borgnjor's Vile Clutch (mildly dangerous; 1% risk of failure)
Confirm with . or Enter, or press ? or * to list all spells.
Aiming: Iron Shot (dangerous; 3% risk of failure)
Press: ? - help, Shift-Dir - straight line, f/p - crystal guardian
Aim: a crystal guardian (lightly damaged, strong, constricted by zombie hands, 100% to hit)
The iron shot hits the crystal guardian!!
The crystal guardian is heavily damaged.
The zombie hands constrict the crystal guardian!
The crystal guardian glitters, brittle, in the dim dungeon light.
The crystal guardian hits you but does no damage.
The crystal guardian hits you!!
Casting: Iron Shot (dangerous; 3% risk of failure)
Confirm with . or Enter, or press ? or * to list all spells.
Aiming: Iron Shot (dangerous; 3% risk of failure)
Press: ? - help, Shift-Dir - straight line, f/p - crystal guardian
Aim: a crystal guardian (heavily damaged, strong, constricted by zombie hands, 100% to hit)
The iron shot hits the crystal guardian!!
The crystal guardian is severely damaged.
The zombie hands constrict the crystal guardian.
The crystal guardian hits you but does no damage.
The crystal guardian fires a crystalline bolt at you.
The crystal bolt freezes you!!
* * * LOW HITPOINT WARNING * * *
Unknown command.
You feel much better.
The zombie hands constrict the crystal guardian!
The crystal guardian fires a crystalline bolt at you.
The crystal bolt freezes you!!
* * * LOW HITPOINT WARNING * * *
The crystal bolt freezes you!!
You die...

........# ###..............
.......## ........#...#########..
.......# ......^.#...#.......'..
......## ...9...##...#.#####.#..
......# ..9....#....#.#≈≈≈#.#..
......# ......##....#.#≈≈≈#.#..
......### .....9'.....#.#####.#..
........###....##9....#.......#..
..........###..#@9....#########..
............####.................
.................................
.................................
.................................
#################################


You could see 2 crystal guardians.

Vanquished Creatures
  Vashnia (Snake:2)
  Nikola (Vaults:1)
  A golden dragon (Vaults:1)
  Rupert (Lair:3)
  2 tentacled monstrosities
  Mlioglotl (Swamp:1)
  2 deep elf master archers (Elf:3)
  A titan (Vaults:1)
  4 deep elf blademasters (Elf:3)
  Gastronok (Lair:2)
  2 thorn hunters
  A shadow dragon (Vaults:1)
  2 tengu reavers
  Kirke (Lair:3)
  6 nagarajas (Snake:4)
  2 fenstrider witches
  4 fire giants
  4 deep elf sorcerers
  3 vault wardens
  The ghost of Hubris850 the Carver, a journeyman GnCA of Gozag (Swamp:2)
  Aizul (Snake:2)
  The ghost of Zonian the Warrior, an adept VSBr of Uskayaw (Orc:2)
  8 ironbound preservers
  4 stone giants
  6 deep elf elementalists
  6 orc warlords
  2 war gargoyles (Vaults:1)
  11 very ugly things
  4 deep elf demonologists (Elf:3)
  An eleionoma (Swamp:1)
  A vampire knight (Vaults:2)
  2 bunyips
  4 deep elf annihilators
  6 dire elephants (Vaults:1)
  A merfolk impaler (Orc:2)
  A fire dragon (Lair:5)
  8 deep elf death magi (Elf:3)
  An ettin (Vaults:2)
  2 yaktaur captains (Vaults:1)
  10 deep elf high priests
  4 entropy weavers (D:11)
  A shambling mangrove (Swamp:4)
  2 great orbs of eyes (Vaults:1)
  2 crystal guardians
  25 hydras
  6 vault guards
  3 ghost crabs
  3 peacekeepers
  2 ogre magi
  3 catoblepae
  Erica (Orc:1)
  10 anacondas
  A death knight (Vaults:2)
  2 ironbound frosthearts (Vaults:1)
  5 centaur warriors
  12 alligators
  7 two-headed ogres
  19 dancing weapons
  3 boulder beetles
  3 tengu warriors (D:15)
  8 naga warriors
  An orc high priest (Orc:1)
  12 naga sharpshooters
  The ghost of SirDiesAlot the Earth Mage, a journeyman DEEE (D:11)
  A hell knight (Volcano)
  5 shock serpents
  28 slime creatures
  The ghost of Darkkill the Covert, a journeyman VSCj of Jiyva (Orc:1)
  14 deep elf knights
  Amaemon (Lair:3)
  2 salamander mystics (Snake:3)
  5 fire crabs (D:11)
  A death drake (Swamp:3)
  12 skeletal warriors
  7 goliath frogs
  11 deep elf archers
  5 sea snakes (Snake:4)
  3 spriggan druids
  25 deep trolls
  3 naga ritualists
  2 bog bodies
  14 swamp dragons
  A phantasmal warrior (Vaults:1)
  7 wizards
  13 lindwurms
  9 orc knights
  10 mana vipers
  5 ironbound convokers
  31 deep elf zephyrmancers
  3 harpies (Vaults:2)
  11 orc sorcerers
  22 deep elf pyromancers
  3 will-o-the-wisps (Swamp:3)
  7 cyclopes
  2 moths of wrath (Orc:1)
  A salamander (shapeshifter) (D:14)
  A manticore (D:14)
  5 salamanders
  26 ugly things
  An apocalypse crab (D:11)
  9 elephants
  7 guardian serpents
  5 torpor snails (Lair:5)
  10 naga magi
  5 vault sentinels
  6 cane toads
  33 black mambas
  An orange demon (Lair:3)
  9 yaktaurs
  A komodo dragon (shapeshifter) (Elf:1)
  2 unseen horrors
  2 freezing wraiths
  4 kobold demonologists
  A tengu conjurer (D:15)
  2 ice devils (D:11)
  3 rime drakes
  9 komodo dragons
  16 polar bears
  9 trolls
  3 meliai (D:15)
  11 tyrant leeches
  A raiju (Lair:5)
  4 blink frogs (Lair:3)
  14 hornets
  5 dream sheep (D:7)
  2 air elementals
  6 spriggans (Swamp:2)
  A yak (shapeshifter) (D:14)
  2 water elementals (Elf:1)
  2 shadows (D:7)
  4 wraiths
  3 wyverns (Lair:4)
  4 hogs (Lair:3)
  3 basilisks
  27 yaks
  An unseen horror simulacrum (D:8)
  3 fire elementals
  8 vampire mosquitoes
  A death yak simulacrum (IceCv)
  A steam dragon (D:8)
  12 wargs
  27 nagas
  15 swamp worms
  10 water moccasins
  3 acid dragons
  18 hell hounds
  9 swamp drakes
  A sky beast (D:7)
  51 orc warriors
  4 ice beasts
  16 black bears
  29 wolves
  15 ogres
  11 centaurs
  A phantom (D:7)
  11 bullfrogs
  A gnoll sergeant (D:9)
  3 kobold brigands
  2 scorpions (D:5)
  An earth elemental (Elf:1)
  A necrophage (D:5)
  A cane toad simulacrum (IceCv)
  11 wights
  A howler monkey (D:14)
  A lava snake (D:15)
  5 jellies
  5 hounds
  2 wyvern simulacra (D:8)
  22 orc priests
  A gnoll bouda (D:7)
  An iguana (D:5)
  38 orc wizards
  A troll simulacrum (IceCv)
  2 polar bear simulacra (IceCv)
  A spriggan simulacrum (IceCv)
  3 wolf simulacra (IceCv)
  A killer bee simulacrum (D:8)
  Robin (D:3)
  10 gnolls
  11 adders
  A naga simulacrum (IceCv)
  A shadow imp (D:5)
  5 white imps
  A howler monkey simulacrum (D:8)
  2 ufetubi
  A worm (D:5)
  A dart slug (D:1)
  88 orcs
  12 ball pythons
  9 endoplasms
  7 giant cockroaches
  12 goblins
  10 hobgoblins
  9 jackals
  3 quokkas
  8 bats
  16 frilled lizards
  19 kobolds
  4 rats
  11 briar patches (Snake:3)
  A fire vortex (D:15)
1375 creatures vanquished.

Vanquished Creatures (collateral kills)
  A naga sharpshooter (Snake:2)
1 creature vanquished.

Vanquished Creatures (others)
  A deep elf knight (Elf:2)
  A deep elf pyromancer (Elf:3)
  2 deep elf zephyrmancers (Elf:2)
  A bloated husk (Swamp:4)
  A bullfrog (Lair:2)
  An electric eel (D:12)
  20 foxfires (Swamp:3)
  59 fungi
  118 plants
204 creatures vanquished.

Grand Total: 1580 creatures vanquished

Notes
Turn   | Place    | Note
-------+----------+-------------------------------------------
     0 | D:1      | scionoferis the Gargoyle Cinder Acolyte began the quest for
                  | the Orb.
     0 | D:1      | Reached XP level 1. HP: 14/14 MP: 2/2
   119 | D:1      | Reached XP level 2. HP: 18/19 MP: 3/3
   122 | D:1      | Learned a level 2 spell: Scorch
   945 | D:2      | Reached skill level 1 in Armour
   951 | D:2      | Reached XP level 3. HP: 21/24 MP: 5/5
   968 | D:2      | Learned a level 3 spell: Ozocubu's Armour
  1133 | D:2      | Reached XP level 4. HP: 29/29 MP: 6/6
  1204 | D:2      | Reached skill level 1 in Dodging
  1303 | D:2      | Found a faded altar of an unknown god.
  1549 | D:2      | Identified the +11 dagger "Oblihurch" {vorpal, Dex+7
                  | Stlth-}
  1666 | D:2      | Reached skill level 1 in Ice Magic
  2203 | D:3      | Noticed Robin
  2262 | D:3      | Killed Robin
  2264 | D:3      | Reached XP level 5. HP: 27/33 MP: 1/8
  2409 | D:3      | Found a broken altar of Ashenzari.
  2719 | D:4      | Identified the +4 whip of Resumed Hostilities {speed,
                  | Dex+6}
  2725 | D:4      | Identified the +5 short sword of Xom, Screaming {spect, rF-
                  | rC+ rN+}
  2770 | D:4      | Identified the +1 leather armour of Daisies {SInv}
  2828 | D:4      | Found Bouth's Jewellery Boutique.
  2997 | D:4      | Found a glowing drain.
  3004 | Sewer    | Entered a sewer
  3050 | Sewer    | Reached skill level 2 in Ice Magic
  3286 | Sewer    | Reached XP level 6. HP: 38/39 MP: 10/10
  3969 | D:5      | Entered Level 5 of the Dungeon
  4171 | D:5      | Reached skill level 3 in Ice Magic
  4171 | D:5      | Reached XP level 7. HP: 44/44 MP: 10/12
  4205 | D:5      | Found a shimmering blue altar of Sif Muna.
  4208 | D:5      | Found an ancient bone altar of Kikubaaqudgha.
  4277 | D:5      | Found a shadowy altar of Dithmenos.
  4280 | D:5      | Found a shimmering altar of Xom.
  4282 | D:5      | Found a sparkling altar of Nemelex Xobeh.
  4287 | D:5      | Found a snail-covered altar of Cheibriados.
  4372 | D:5      | Reached skill level 5 in Fighting
  4637 | D:5      | Reached skill level 4 in Ice Magic
  4637 | D:5      | Reached XP level 8. HP: 27/49 MP: 0/13
  4799 | D:5      | Noticed a yak
  4822 | D:5      | Killed a yak
  5148 | D:5      | Reached skill level 5 in Maces & Flails
  5408 | D:6      | Reached skill level 5 in Ice Magic
  5750 | D:6      | Reached XP level 9. HP: 38/54 MP: 6/15
  5998 | D:6      | Found an opulent altar of Gozag.
  6060 | D:6      | Learned a level 7 spell: Ozocubu's Refrigeration
  6363 | D:6      | Found a staircase to the Ecumenical Temple.
  6519 | D:6      | Found Henoawn's Vocational Training.
  6724 | D:6      | Reached skill level 6 in Ice Magic
  7231 | D:7      | Reached skill level 5 in Armour
  7327 | D:7      | Reached skill level 5 in Spellcasting
  7373 | D:7      | Reached skill level 7 in Ice Magic
  7400 | D:7      | Reached XP level 10. HP: 59/59 MP: 13/18
  7571 | D:7      | Found the +5 robe of Night {Dark Will+ SInv}
  9026 | D:8      | Noticed a centaur warrior
  9058 | D:8      | Killed a centaur warrior
  9059 | D:8      | Reached skill level 8 in Ice Magic
  9567 | D:8      | Reached skill level 5 in Dodging
  9945 | D:8      | Reached XP level 11. HP: 63/63 MP: 15/20
 10037 | D:8      | Reached skill level 9 in Ice Magic
 10411 | D:8      | Upgraded the game from 0.30-a0-297-g0ec75d9ef4 to
                  | 0.30-a0-304-gdc4b735fe1
 10462 | D:9      | Noticed a two-headed ogre
 10476 | D:9      | Killed a two-headed ogre
 10632 | D:9      | Identified a scroll of acquirement
 10633 | D:9      | Acquired 818 gold pieces
 10642 | D:9      | Found a bloodstained altar of Trog.
 10934 | D:9      | Noticed a two-headed ogre
 10946 | D:9      | Killed a two-headed ogre
 11458 | D:10     | Entered Level 10 of the Dungeon
 11646 | D:10     | Found a staircase to the Orcish Mines.
 12003 | D:10     | Noticed a two-headed ogre
 12011 | D:10     | Killed a two-headed ogre
 12012 | D:10     | Reached skill level 10 in Maces & Flails
 12189 | D:10     | Reached skill level 10 in Ice Magic
 12368 | D:10     | Found a staircase to the Lair.
 13002 | D:10     | Noticed a two-headed ogre
 13096 | D:10     | Killed a two-headed ogre
 13718 | D:11     | Noticed a cyclops
 13734 | D:11     | Killed a cyclops
 13908 | D:11     | Found a frozen archway.
 13915 | IceCv    | Entered an ice cave
 13921 | IceCv    | Reached XP level 12. HP: 62/68 MP: 0/23
 14261 | D:11     | Found a runed translucent door.
 14448 | D:11     | Found a runed translucent gate.
 14448 | D:11     | Found a runed translucent gate.
 14448 | D:11     | Found a runed translucent gate.
 14453 | D:11     | Noticed SirDiesAlot's ghost (journeyman DEEE)
 14482 | D:11     | Killed SirDiesAlot's ghost
 14483 | D:11     | Reached skill level 11 in Ice Magic
 17495 | D:12     | Reached skill level 12 in Ice Magic
 17817 | D:12     | Found Qikka's Weapon Shop.
 18614 | D:11     | Noticed an entropy weaver
 18807 | D:4      | Bought a +6 ring of intelligence for 396 gold pieces
 18913 | Lair:1   | Entered Level 1 of the Lair of Beasts
 19297 | Lair:1   | Found a dark tunnel.
 19342 | Volcano  | Entered a volcano
 19367 | Volcano  | Noticed a centaur warrior
 19417 | Volcano  | Killed a centaur warrior
 19552 | Volcano  | Found a bloodstained altar of Trog.
 19596 | Volcano  | Reached XP level 13. HP: 58/72 MP: 23/25
 19741 | Volcano  | Reached skill level 13 in Ice Magic
 21792 | Lair:2   | Reached skill level 14 in Ice Magic
 22444 | Lair:2   | Found a staircase to the Swamp.
 22781 | Lair:2   | Noticed Gastronok
 22926 | Lair:2   | Reached skill level 10 in Spellcasting
 23363 | Lair:2   | Killed Gastronok
 24069 | Lair:3   | Found a staircase to the Snake Pit.
 24232 | Lair:3   | Noticed Kirke
 24255 | Lair:3   | Reached skill level 15 in Ice Magic
 24346 | Lair:3   | Noticed Rupert
 24484 | Lair:3   | Noticed Amaemon
 24505 | Lair:3   | Killed Amaemon
 25119 | Lair:3   | Killed Rupert
 25120 | Lair:3   | Gained mutation: Your large and strong wings let you fly.
                  | [Gargoyle growth]
 25120 | Lair:3   | Reached XP level 14. HP: 78/78 MP: 6/28
 25867 | Lair:3   | Killed Kirke
 26910 | Lair:4   | Identified the +6 mace of Callousness {drain, rC- Int+5}
 27302 | Lair:4   | Found a runed translucent door.
 27303 | Lair:4   | Found a viscous altar of Jiyva.
 27304 | Lair:4   | Found a staircase to the Slime Pits.
 27461 | Lair:4   | Reached skill level 1 in Evocations
 27981 | Lair:5   | Entered Level 5 of the Lair of Beasts
 28232 | Lair:4   | Learned a level 5 spell: Freezing Cloud
 28654 | Lair:5   | Reached skill level 1 in Conjurations
 28679 | Lair:5   | Reached skill level 1 in Air Magic
 29105 | Lair:5   | Reached skill level 16 in Ice Magic
 31725 | Lair:5   | Found a runed translucent door.
 32168 | Lair:5   | Reached XP level 15. HP: 82/82 MP: 21/30
 33282 | D:11     | Reached skill level 5 in Conjurations
 33639 | D:11     | Reached skill level 5 in Evocations
 33793 | D:11     | Identified the +3 quarterstaff "Dypraint" {holy, Fragile
                  | rC+++ MP+9 Int-3}
 34192 | D:10     | Learned a level 5 spell: Borgnjor's Vile Clutch
 34245 | Orc:1    | Entered Level 1 of the Orcish Mines
 34505 | Orc:1    | Noticed an orc warlord
 34622 | Orc:1    | Killed an orc warlord
 34623 | Orc:1    | Reached skill level 1 in Shields
 34623 | Orc:1    | Reached skill level 1 in Earth Magic
 34783 | Orc:1    | Noticed an orc warlord
 34800 | Orc:1    | Killed an orc warlord
 35029 | D:10     | Reached skill level 1 in Necromancy
 35235 | Orc:1    | Found the +8 demon blade "Leech" {vamp, Harm Drain rN+}
 35268 | Orc:1    | Noticed Erica
 35271 | Orc:1    | Killed Erica
 35455 | Orc:1    | Found a transporter.
 35474 | Orc:1    | Found a transporter.
 35527 | Orc:1    | Noticed Darkkill's ghost (journeyman VSCj)
 35589 | Orc:1    | Noticed an orc warlord
 35599 | Orc:1    | Killed an orc warlord
 36599 | Orc:1    | Killed Darkkill's ghost
 36890 | Orc:2    | Entered Level 2 of the Orcish Mines
 36890 | Orc:2    | Found a runed translucent gate.
 37116 | Orc:2    | Noticed an orc warlord
 37125 | Orc:2    | Killed an orc warlord
 37808 | Orc:2    | Found an ancient bone altar of Kikubaaqudgha.
 37829 | Orc:2    | Found Irirygg's Book Shop.
 37847 | Orc:2    | Bought a book of the Tundra for 384 gold pieces
 37851 | Orc:2    | Learned a level 3 spell: Hailstorm
 37929 | Orc:2    | Found a radiant altar of Vehumet.
 38024 | Orc:2    | Found Issokhlu's Distillery.
 38127 | Orc:2    | Found Tinil's Antique Weapon Boutique.
 38143 | Orc:2    | Found Kusubece's Antique Armour Shop.
 38152 | Orc:2    | Bought a pair of gloves for 108 gold pieces
 38257 | Orc:2    | Found a staircase to the Elven Halls.
 38379 | Orc:2    | Found a runed translucent gate.
 38380 | Orc:2    | Found a runed translucent gate.
 38382 | Orc:2    | Noticed Zonian's ghost (adept VSBr)
 38386 | Orc:2    | Noticed an orc warlord
 38561 | Orc:2    | Identified the +10 glaive of Immorality {vorpal, rElec rF-
                  | Will- Dex+9}
 38785 | Orc:2    | Reached skill level 17 in Ice Magic
 39027 | Orc:2    | Killed Zonian's ghost
 39175 | Orc:2    | Killed an orc warlord
 39330 | Orc:2    | Found an iron altar of Okawaru.
 39530 | D:6      | Bought a manual of Evocations for 880 gold pieces
 39669 | Swamp:1  | Entered Level 1 of the Swamp
 39695 | Swamp:1  | Noticed Mlioglotl
 39741 | Swamp:1  | Killed Mlioglotl
 39742 | Swamp:1  | Reached XP level 16. HP: 65/87 MP: 14/32
 39983 | Swamp:1  | Reached skill level 5 in Earth Magic
 40894 | Swamp:2  | Noticed a fenstrider witch
 40897 | Swamp:2  | Killed a fenstrider witch
 41253 | Swamp:2  | Found a runed translucent door.
 41256 | Swamp:2  | Noticed Hubris850's ghost (journeyman GnCA)
 41257 | Swamp:2  | Noticed a tentacled monstrosity
 41259 | Swamp:2  | Identified the +7 spear of Reason {flame, Contam rPois
                  | rF+++ rCorr}
 41654 | Swamp:3  | Reached skill level 5 in Shields
 41935 | Swamp:3  | Reached skill level 1 in Staves
 42785 | Swamp:4  | Entered Level 4 of the Swamp
 43028 | Swamp:4  | Reached skill level 5 in Necromancy
 43541 | Swamp:4  | Noticed a fenstrider witch
 43546 | Swamp:4  | Killed a fenstrider witch
 43851 | Swamp:4  | Noticed a thorn hunter
 43857 | Swamp:4  | Killed a thorn hunter
 43858 | Swamp:4  | Reached XP level 17. HP: 51/92 MP: 7/34
 44051 | Swamp:4  | Got a decaying rune of Zot
 44564 | D:13     | Learned a level 6 spell: Simulacrum
 45494 | D:14     | Found a gate to the Vaults.
 46815 | D:15     | Entered Level 15 of the Dungeon
 47745 | D:15     | Found a staircase to the Depths.
 47966 | D:15     | Identified the +0 leather armour of Intercession {rCorr}
 48142 | D:15     | Found a hide-covered altar of Uskayaw.
 48711 | D:15     | Found Qatoir's Magic Scroll Shop.
 48720 | D:15     | Bought a scroll of summoning for 133 gold pieces
 49176 | Snake:1  | Entered Level 1 of the Snake Pit
 49368 | Snake:1  | Acquired a +3 eveningstar of draining
 50461 | Snake:2  | Found a shimmering altar of Xom.
 50521 | Snake:2  | Found Felo's Book Shoppe.
 50726 | Snake:2  | Reached XP level 18. HP: 100/100 MP: 28/35
 50757 | Snake:2  | Noticed Aizul
 50769 | Snake:2  | Killed Aizul
 51141 | Snake:2  | Found a bloodstained altar of Trog.
 51156 | Snake:2  | Noticed Vashnia
 51164 | Snake:2  | Killed Vashnia
 51165 | Snake:2  | Reached skill level 10 in Earth Magic
 51169 | Snake:2  | Reached skill level 10 in Evocations
 51553 | Snake:2  | Found Gimaph's Assorted Antiques.
 51555 | Snake:2  | Found Jukh's Weapon Boutique.
 51560 | Snake:2  | Found Xorops's Distillery.
 51841 | Snake:3  | Reached skill level 18 in Ice Magic
 52561 | Snake:3  | Noticed a tentacled monstrosity
 53311 | Snake:3  | Killed a tentacled monstrosity
 53941 | Snake:4  | Entered Level 4 of the Snake Pit
 54304 | Snake:4  | Found Iduus's Assorted Antiques.
 54318 | Snake:4  | Bought a twisted ruby ring for 170 gold pieces
 55508 | Snake:4  | Reached XP level 19. HP: 48/108 MP: 25/37
 55826 | Snake:4  | Got a serpentine rune of Zot
 56184 | Elf:1    | Entered Level 1 of the Elven Halls
 56939 | Elf:1    | Identified the +3 sling "Pufyzor" {flame, *Slow +Blink rC++
                  | Int+2}
 57820 | Elf:2    | Found a huge runed translucent gate.
 57821 | Elf:2    | Found a huge runed translucent gate.
 58036 | Elf:2    | Found a flickering gateway to a bazaar.
 58043 | Bazaar   | Entered a bazaar
 58108 | Bazaar   | Found Sighann's Book Emporium.
 58112 | Bazaar   | Found Yhibiuhe's Antique Weapon Emporium.
 58128 | Bazaar   | Found Ezxe Nyu's Book Shoppe.
 58144 | Bazaar   | Found Cogiev's Magic Scroll Emporium.
 58150 | Bazaar   | Bought a scroll of blinking for 82 gold pieces
 58150 | Bazaar   | Bought a scroll of magic mapping for 82 gold pieces
 58150 | Bazaar   | Bought a scroll of blinking for 82 gold pieces
 58151 | Bazaar   | Found Ywniusept's Antique Weapon Boutique.
 58157 | Bazaar   | Bought a runed demon whip for 432 gold pieces
 58180 | Bazaar   | Bought a manual of Necromancy for 720 gold pieces
 58180 | Bazaar   | Bought a book of Power for 378 gold pieces
 58188 | Bazaar   | Learned a level 6 spell: Iron Shot
 58200 | Bazaar   | Bought a book of Touch for 242 gold pieces
 58206 | Bazaar   | Learned a level 4 spell: Dispel Undead
 58228 | Bazaar   | Bought a scroll of summoning for 104 gold pieces
 59504 | Elf:2    | Found a huge runed translucent gate.
 59505 | Elf:2    | Found a huge runed translucent gate.
 59506 | Elf:2    | Found a huge runed translucent gate.
 60864 | Elf:3    | Entered Level 3 of the Elven Halls
 61036 | Elf:3    | Found Duesh's Assorted Antiques.
 61239 | Elf:3    | Reached XP level 20. HP: 116/116 MP: 24/38
 62729 | Elf:3    | Identified the +1 leather armour "Qaogik" {+Blink rPois rF-
                  | Int+3}
 63148 | Elf:3    | Identified the +1 chain mail of Henotheism {Will++}
 63805 | Elf:3    | Identified the +5 hat of Impermeability {+Inv rElec}
 63925 | Elf:3    | Identified the +2 spear of Meloot {pain, rPois rN+ Will+}
 63928 | Elf:3    | Got the Writings on Adjuration
 63929 | Elf:3    | Identified the -2 helmet of Proximity {rCorr Slay+2}
 63944 | Elf:3    | Got the Cyclopedia of Bewitching Congelation
 64492 | Swamp:2  | Killed Hubris850's ghost
 64939 | Vaults:1 | Entered Level 1 of the Vaults
 64939 | Vaults:1 | Found Atiem's Distillery.
 64954 | Vaults:1 | Reached skill level 10 in Fighting
 65422 | Vaults:1 | Found a huge runed gate.
 65422 | Vaults:1 | Found a huge runed gate.
 65422 | Vaults:1 | Found a huge runed gate.
 65422 | Vaults:1 | Found a huge runed gate.
 65422 | Vaults:1 | Found a huge runed gate.
 65423 | Vaults:1 | Found a huge runed gate.
 65423 | Vaults:1 | Found a huge runed gate.
 65424 | Vaults:1 | Found a huge runed gate.
 65425 | Vaults:1 | Found a huge runed gate.
 65427 | Vaults:1 | Found a huge runed gate.
 65427 | Vaults:1 | Found a huge runed gate.
 65427 | Vaults:1 | Found a huge runed gate.
 65428 | Vaults:1 | Found a huge runed gate.
 65429 | Vaults:1 | Found a huge runed gate.
 65430 | Vaults:1 | Found a huge runed gate.
 65431 | Vaults:1 | Found a huge runed gate.
 65437 | Vaults:1 | Found a huge runed gate.
 65437 | Vaults:1 | Found a huge runed gate.
 65437 | Vaults:1 | Found a huge runed gate.
 65437 | Vaults:1 | Found a huge runed gate.
 65438 | Vaults:1 | Found a huge runed gate.
 65439 | Vaults:1 | Found a huge runed gate.
 65440 | Vaults:1 | Found a huge runed gate.
 65441 | Vaults:1 | Found a huge runed gate.
 65442 | Vaults:1 | Found a huge runed gate.
 65448 | Vaults:1 | Found a huge runed gate.
 65448 | Vaults:1 | Found a huge runed gate.
 65448 | Vaults:1 | Found a huge runed gate.
 65448 | Vaults:1 | Found a huge runed gate.
 65449 | Vaults:1 | Found a huge runed gate.
 65450 | Vaults:1 | Found a huge runed gate.
 65451 | Vaults:1 | Found a huge runed gate.
 65452 | Vaults:1 | Found a huge runed gate.
 65453 | Vaults:1 | Found a huge runed gate.
 65474 | Vaults:1 | Found a huge runed gate.
 65474 | Vaults:1 | Found a huge runed gate.
 65787 | Vaults:1 | Reached skill level 1 in Stealth
 66443 | Vaults:1 | Reached skill level 19 in Ice Magic
 66836 | Vaults:1 | Noticed Nikola
 66844 | Vaults:1 | Killed Nikola
 67760 | Vaults:1 | Noticed a golden dragon
 67764 | Vaults:1 | Reached XP level 21. HP: 112/122 MP: 28/39
 67868 | Vaults:1 | Killed a golden dragon
 68236 | Vaults:1 | Reached skill level 15 in Spellcasting
 68382 | Vaults:1 | Reached skill level 10 in Necromancy
 69406 | Vaults:2 | Acquired a ring of see invisible
 69701 | Vaults:2 | Reached skill level 10 in Conjurations
 69826 | Vaults:2 | Found Boineuga's Armour Emporium.
 69912 | Vaults:2 | Found a staircase to the Crypt.
 71005 | D:10     | Upgraded the game from 0.30-a0-304-gdc4b735fe1 to
                  | 0.30-a0-305-g026cb31310
 71013 | D:10     | Learned a level 7 spell: Spellforged Servitor
 71480 | Vaults:2 | Killed from afar by a crystal guardian

Illustrated notes

Levels and vault maps discovered:
D:1:      lightli_molten_gateway, layout_basic
D:2:      minmay_chambers_of_twos, layout_basic, serial_forest,
          infiniplex_forest_straight_1, infiniplex_forest_lined_1,
          infiniplex_forest_end_1, infiniplex_forest_clump_medium,
          infiniplex_forest_lined_room_2, infiniplex_forest_clump_curved,
          shapermc_ecumenical_altar_starsandcircs
D:3:      layout_rooms, nicolae_ashenzari_panopticon, uniq_robin
D:4:      layout_basic, portal_sewer_entry_b, serial_shops, shop
D:5:      cheibrodos_barr_body, layout_gridville,
          nicolae_overflow_hallway_of_the_gods
D:6:      layout_gridville, grunt_gozag_breadcrumbs, minmay_temple_entry_glass,
          grunt_ministairs_12, nicolae_shop_vocational
D:7:      layout_cave_pods, minmay_misc_feat_rows, hellmonk_guarded_unrand_night
D:8:      kennysheep_spiral_hall, layout_basic, serial_ice, serial_ice_e,
          serial_ice_j, serial_ice_b, serial_ice_o, chequers_avenue
D:9:      layout_rooms, kennysheep_mini_moat, small_statue_intersection
D:10:     layout_loops_corners, lair_entry_dummy, orc_david_3
D:11:     gammafunk_mikee_crab_dinner, layout_loops_corners,
          portal_ice_cave_demonic_guard, ebering_ghost_rock_garden,
          minmay_parallelograms
D:12:     layout_loops_ring, serial_shops, nicolae_inconvenience_store,
          lemuel_freeze_loot_1
D:13:     layout_gridville, serial_rivers, chequers_serial_rivers_small_b,
          chequers_serial_rivers_marsh, chequers_serial_rivers_micro_a,
          chequers_serial_rivers_room_b, chequers_serial_rivers_micro_a,
          chequers_serial_rivers_room_b
D:14:     layout_irregular_city, lightli_vaults_fourway_checkpoint,
          nicolae_wwwww
D:15:     hangedman_depths_entry_civil_slaughter, layout_long_grid,
          nicolae_uskayaw_suspiria, serial_shops, nicolae_diamond_shop
Lair:1:   layout_misc_corridors, enter_volcano_3, lemuel_fruit_fields,
          grunt_megastairs_3, lemuel_fruit_fields
Lair:2:   layout_layer_cave, swamp_mist_pool, lemuel_old_faithful,
          uniq_gastronok
Lair:3:   layout_misc_corridors, serial_bayou_shore_a, grunt_megastairs_1,
          uniq_rupert, uniq_amaemon, uniq_kirke
Lair:4:   layout_concentric_octagons, slime_entry_2
Lair:5:   wormcave, layout_cave_pods, hangedman_lair_caniforms_friends
Swamp:1:  layout_falls_marsh, evilmike_swamp_ruin_house_5,
          infiniplex_staircase_pool, uniq_mlioglotl
Swamp:2:  layout_falls_marsh, ebering_ghost_funeral_grove,
          nicolae_swamp_some_circles
Swamp:3:  layout_basic_swamp, infiniplex_staircase_pool_2, swamp_pool5
Swamp:4:  swamp, layout_basic_swamp
Snake:1:  layout_rooms
Snake:2:  nicolae_snakescales, layout_grid_shapes, serial_shops, shop,
          hangedman_feature_mirror, nicolae_snake_serpentine_bazaar,
          uniq_vashnia, uniq_aizul
Snake:3:  onia_ninara_swampy_vault, layout_misc_corridors
Snake:4:  grunt_snake_rune_pools, layout_cave_town, serial_shops,
          nicolae_shop_overgrown_old_shop, nicolae_snake_gridmaze_entwining
Orc:1:    layout_diamond_mine, gammafunk_ghost_berserking_beasts,
          dreamdust_deal_with_the_devil, minmay_orc_treasury, uniq_erica
Orc:2:    kennysheep_orc_mage_school, layout_diamond_mine,
          gammafunk_ghost_fury_of_okawaru, mines1_david
Elf:1:    minmay_elf_arrival_circle, layout_loops_ring, hangedman_elf_represent,
          nicolae_elf_blasts_and_bolts
Elf:2:    elven_hall_of_blades_hangedman_alternative
          [nicolae_blade_entry_diamond_columns], layout_geoelf_grid,
          serial_shops, bzr_firewalk, special_room [special_room_orc]
Elf:3:    minmay_elf_hall_circle, layout_geoelf_diagonals, serial_shops,
          nicolae_shop_crystal, minmay_misc_feat_ornament, item_on_display_a
Vaults:1: vaults_room_boxed, vaults_room_grunt_arrival_ludios, v_rooms_2,
          v_misc_28, v_misc_32, door_vault, hangedman_vaults_restitches,
          nicolae_vaults_rhombus_6, ontoclasm_vaults_ring_square, v_misc_24,
          layout_vaults_ring, serial_shops, shop, uniq_nikola
Vaults:2: minmay_crypt_entry_simple_statues, vaults_room_door_ring,
          vaults_dpeg_encased_lava, st_check, v_alt_pattern_4,
          vaults_standard_mumra_x, ontoclasm_vaults_misaligned,
          vaults_room_hallway, ontoclasm_vaults_fault,
          nicolae_vaults_angled_halls, nicolae_vaults_asterisk,
          layout_vaults_quadrants, serial_shops, shop

Skill      XL: |  1  2  3  4  5  6  7  8  9 10 11 12 13 14 15 16 17 18 19 20 21 |
---------------+----------------------------------------------------------------+-----
Armour         | 1 2 3 4 5 |  5.0
Spellcasting   | 2 3 4 5 6 7 8 10 11 12 13 14 15 | 15.2
Dodging        | 1 2 3 4 5 6 7 8 9 |  9.1
Fighting       | 4 5 6 8 9 10 | 10.0
Ice Magic      | 1 2 3 4 5 7 8 10 12 15 16 17 18 19 | 19.0
Maces & Flails | 4 5 7 9 10 12 13 14 | 14.3
Evocations     | 4 6 8 9 11 12 | 12.9
Conjurations   | 4 5 6 9 10 | 10.3
Air Magic      | 3 |  3.0
Shields        | 4 5 |  5.0
Earth Magic    | 4 8 9 11 13 14 | 14.2
Necromancy     | 3 5 6 7 8 9 10 | 10.0
Staves         | 2 4 |  4.5
Stealth        | 2 4 |  4.7
Summonings     | |  0.4
Fire Magic     | |  3.0

Action                   |  1- 3 |  4- 6 |  7- 9 | 10-12 | 13-15 | 16-18 | 19-21 || total
-------------------------+-------+-------+-------+-------+-------+-------+-------++-------
Melee: Mace              |    65 |    40 |       |       |       |       |       ||   105
       Dagger            |       |   135 |     6 |       |       |       |       ||   141
       Punch             |       |     2 |     1 |    14 |    48 |       |       ||    65
       Whip              |       |    29 |   169 |   459 |  1812 |       |       ||  2469
       Flail             |       |       |       |   105 |    43 |   101 |    23 ||   272
       Short sword       |       |       |       |     1 |       |       |       ||     1
       Staff             |       |       |       |       |   116 |   752 |   659 ||  1527
       Demon whip        |       |       |       |       |   121 |    51 |    73 ||   245
       Eveningstar       |       |       |       |       |       |       |    19 ||    19
 Fire: Shortbow          |       |    10 |    86 |   170 |    13 |       |       ||   279
       Arbalest          |       |       |       |       |   160 |       |       ||   160
Throw: Dart              |       |       |     1 |     2 |    20 |       |       ||    23
       Boomerang         |       |       |       |       |       |    20 |     7 ||    27
 Cast: Scorch            |     4 |     6 |    42 |   290 |    22 |       |       ||   364
       Ozocubu's Armour  |       |       |     7 |    63 |    99 |    81 |    27 ||   277
       Ozocubu's Refrige |       |       |       |       |   108 |    34 |    75 ||   217
       Freezing Cloud    |       |       |       |       |    66 |   142 |    87 ||   295
       Hailstorm         |       |       |       |       |     3 |    16 |     9 ||    28
       Borgnjor's Vile C |       |       |       |       |       |    14 |    70 ||    84
       Simulacrum        |       |       |       |       |       |     2 |     1 ||     3
       Iron Shot         |       |       |       |       |       |       |    23 ||    23
       Dispel Undead     |       |       |       |       |       |       |     6 ||     6
Invok: Rising Flame      |       |       |       |     1 |       |       |       ||     1
 Abil: Evoke Blink       |       |       |       |       |       |       |     2 ||     2
Evoke: Wand              |       |       |       |    52 |     1 |     1 |       ||    54
       Phial of floods   |       |       |       |     1 |     2 |       |       ||     3
       Condenser vane    |       |       |       |     1 |     1 |       |       ||     2
       Lightning rod     |       |       |       |       |     6 |       |       ||     6
  Use: Scroll            |       |     7 |     3 |    10 |     9 |     6 |     4 ||    39
       Potion            |       |       |       |     6 |     4 |       |     4 ||    14
 Stab: Invisible         |       |       |       |     1 |    10 |       |       ||    11
       Distracted        |       |       |       |       |       |     1 |       ||     1
       Sleeping          |       |       |       |       |       |       |     3 ||     3
Armor: Robe              |     2 |       |       |   336 |   694 |   419 |   311 ||  1762
       Leather armour    |    13 |    66 |    97 |    27 |    27 |       |       ||   230
       Skin              |       |       |       |     5 |       |       |       ||     5
Dodge: Dodged            |    31 |   106 |   116 |   413 |   964 |   530 |   396 ||  2556
Block: Buckler           |       |       |       |       |       |   336 |   293 ||   629
       Reflection        |       |       |       |       |       |    31 |    14 ||    45

Table legend: (Time is in decaauts)
 A = Elapsed time spent in this place.
 B = Non-inter-level travel time spent in this place.
 C = Inter-level travel time spent in this place.
 D = Time resting spent in this place.
 E = Time spent auto-exploring this place.
 F = Levels seen in this place.
 G = Mean time per level.
                   A        B        C        D        E       F      G
               +--------+--------+--------+--------+--------+-----+--------+
         Total |  69712 |  62641 |   7071 |  21400 |  27110 |  39 | 1787.5 |
       Dungeon |  27088 |  23972 |   3116 |   8494 |  10727 |  15 | 1805.9 |
          Lair |  12273 |  10511 |   1762 |   3226 |   4234 |   5 | 2454.6 |
         Swamp |   4896 |   4583 |    313 |   1645 |   2160 |   4 | 1224.0 |
     Snake Pit |   6591 |   6169 |    422 |   2372 |   2692 |   4 | 1647.8 |
  Orcish Mines |   4505 |   4034 |    471 |   1505 |   1340 |   2 | 2252.5 |
   Elven Halls |   7090 |   6559 |    531 |   2503 |   2435 |   3 | 2363.3 |
        Vaults |   5657 |   5204 |    453 |   1245 |   3066 |   2 | 2828.5 |
        Bazaar |    192 |    192 |      0 |      0 |    107 |   1 |  192.0 |
         Sewer |    664 |    664 |      0 |     23 |    318 |   1 |  664.0 |
      Ice Cave |    176 |    176 |      0 |    123 |      0 |   1 |  176.0 |
       Volcano |    575 |    575 |      0 |    264 |     31 |   1 |  575.0 |
               +--------+--------+--------+--------+--------+-----+--------+

Top non-repeatable levels by time:
    D:11: 4402 daAuts
    D:10: 4153 daAuts
  Lair:5: 3660 daAuts
Vaults:1: 3284 daAuts
   Elf:2: 3250 daAuts
  Lair:2: 2988 daAuts
   Elf:3: 2607 daAuts
     D:7: 2432 daAuts
Vaults:2: 2372 daAuts
  Lair:1: 2358 daAuts
   Orc:2: 2272 daAuts
   Orc:1: 2233 daAuts
    D:14: 2155 daAuts
    D:12: 2114 daAuts
 Snake:2: 1849 daAuts
